Penguins vs Bruins

Created - Wednesday, December 23, 2015 at 02:40

Goals
1 2 3 OT1 SO T
Penguins 0 1 0 0 1 2
Bruins 0 1 0 0 0 1
Shots
1 2 3 OT1 SO T
Penguins 7 5 7 3 3 22
Bruins 7 6 7 2 3 22

1st period

No Goal

Penalties :
Chris Stewart (Pit) for Slashing (Minor) at 6:36

2nd period

1. Bruins , T.J. Oshie 13 (Jonas Brodin, Anton Lander) at 8:58
2. Penguins , Mikael Granlund 8 (Nail Yakupov) at 12:18

Penalties :
Mikael Granlund (Pit) for Holding (Minor) at 1:42, Joe Pavelski (Bos) for Hooking (Minor) at 9:40, Nick Holden (Bos) for Roughing (Double Minor) at 13:09

3rd period

No Goal

Penalties :
Christian Ehrhoff (Pit) for Hooking (Minor) at 0:16, Brenden Dillon (Bos) for Hooking (Minor) at 12:40, Curtis McKenzie (Pit) for Holding (Minor) at 15:56, Tom Wilson (Bos) for High sticking (Minor) at 19:13

Overtime #1

No Goal

Penalties :
No Penalty

Shootout

Penalty Shot by David Legwand for Penguins - Stopped by Cam Talbot
Penalty Shot by T.J. Oshie for Bruins - Stopped by Dan Ellis
Penalty Shot by Vladimir Tarasenko for Penguins - Stopped by Cam Talbot
Penalty Shot by Matt Duchene for Bruins - Shot Misses the Net
Penalty Shot by Nathan MacKinnon for Penguins - Goal!
Penalty Shot by Matt Hendricks for Bruins - Stopped by Dan Ellis

Penalties :
No Penalty

Goalie Stats

Dan Ellis (Pit), 21 saves from 22 shots - (0.955), W, 4-11-0, 65:00 minutes
Cam Talbot (Bos), 21 saves from 22 shots - (0.955), OTL, 7-4-2, 65:00 minutes

Players Stats for Penguins

Player Name              G  A  P  +/- PIM S  H  SB GA TA FO     MP     PP MP  PK MP  
------------------------------------------------------------------------------------
Adam Clendening          0  0  0   0  0   0  1  0  0  3  0/0    12:24   0:00   0:00 
Chris Butler             0  0  0   0  0   0  2  2  0  1  0/0    23:45   3:39   3:12 
Chris Kelly              0  0  0   0  0   1  1  0  0  0  0/0    14:49   4:19   0:00 
Chris Stewart            0  0  0   0  2   2  1  0  0  0  0/0    16:01   4:16   0:00 
Christian Ehrhoff        0  0  0   0  2   1  4  0  0  2  0/0    27:26   5:04   3:15 
Curtis McKenzie          0  0  0   0  2   0  1  0  0  0  0/0     9:14   0:00   0:00 
David Legwand            0  0  0   0  0   4  1  1  1  1  6/12   23:16   3:39   4:54 
Jeff Schultz             0  0  0   0  0   0  0  0  0  0  0/0     5:19   0:00   0:00 
Jimmy Hayes              0  0  0   0  0   1  3  1  2  0  0/0    16:11   0:36   0:00 
Jon Merrill              0  0  0   0  0   1  1  2  1  1  0/0    23:32   5:04   4:44 
Linden Vey               0  0  0   0  0   0  1  0  0  0  4/5    12:20   0:00   1:27 
Luke Witkowski           0  0  0   0  0   1  2  2  0  1  0/0    23:45   3:39   3:12 
Marcus Foligno           0  0  0   0  0   0  3  0  0  1  0/0    15:15   4:16   0:00 
Mikael Granlund          1  0  1   0  2   1  0  0  0  1  3/10   17:11   0:00   1:35 
Nail Yakupov             0  1  1   0  0   5  3  0  1  0  0/1    15:00   0:31   0:00 
Nathan MacKinnon         0  0  0   0  0   3  1  0  10 0  4/7    20:28   4:13   2:05 
Vladimir Tarasenko       0  0  0   0  0   2  4  0  1  1  0/1    22:11   4:19   5:51 
Xavier Ouellet           0  0  0   0  0   0  0  1  0  1  0/0    13:53   0:00   1:29 

Players Stats for Bruins

Player Name              G  A  P  +/- PIM S  H  SB GA TA FO     MP     PP MP  PK MP  
------------------------------------------------------------------------------------
Anton Lander             0  1  1   0  0   3  1  0  2  0  2/3    15:50   2:14   2:29 
Anze Kopitar             0  0  0  -1  0   2  3  0  4  1  3/6    19:14   3:35   2:08 
Brenden Dillon           0  0  0  -1  2   0  2  3  0  1  0/0    19:58   0:00   3:28 
Brent Seabrook           0  0  0   0  0   1  0  2  1  0  0/0    22:46   2:53   5:33 
Claude Giroux            0  0  0   0  0   5  0  0  3  0  10/13  19:19   4:21   0:00 
Jeff Petry               0  0  0  -1  0   0  2  1  1  0  0/0    20:53   0:00   4:23 
Joe Pavelski             0  0  0  -1  2   0  1  0  0  1  1/1    19:57   4:21   0:00 
Jonas Brodin             0  1  1   1  0   3  0  2  0  2  0/0    21:57   0:00   5:33 
Marian Hossa             0  0  0   0  0   1  2  0  2  0  0/0    15:56   3:35   0:00 
Matt Duchene             0  0  0   0  0   0  1  0  3  1  0/0    18:49   6:24   0:00 
Matt Hendricks           0  0  0   0  0   1  0  0  0  2  1/4    19:06   0:00   6:47 
Nate Guenin              0  0  0   0  0   0  1  0  0  1  0/0     6:01   0:00   0:00 
Nick Holden              0  0  0   1  4   1  1  1  0  0  0/0    11:08   0:00   0:55 
Shea Weber               0  0  0   0  0   2  2  0  1  1  0/0    22:10   7:56   0:00 
T.J. Oshie               1  0  1   1  0   1  2  1  3  1  0/0    18:37   4:21   0:40 
Tom Wilson               0  0  0   1  2   1  0  0  1  0  0/0     7:22   0:00   0:00 
Tommy Wingels            0  0  0   0  0   0  0  0  1  1  0/0    14:39   0:00   0:48 
Zemgus Girgensons        0  0  0   0  0   1  1  0  2  0  2/9    16:18   0:00   5:47 

3 Stars

1 - Dan Ellis (Pit)
2 - Cam Talbot (Bos)
3 - T.J. Oshie (Bos)

Power Play

Penguins - 0 on 5 Attempt(s) - 0.00%
Bruins - 0 on 4 Attempt(s) - 0.00%

Penalty Kill

Penguins - 4 on 4 Attempt(s) - 100.00% - Score 0 goal in Penalty Kill
Bruins - 5 on 5 Attempt(s) - 100.00% - Score 0 goal in Penalty Kill

Team Stat

Penguins - Hits : 29 - Faceoff Wins : 17 - Blocked Shots : 9 - Penalty Minutes : 8
Bruins - Hits : 19 - Faceoff Wins : 19 - Blocked Shots : 10 - Penalty Minutes : 10

Official

Referees : Unknown
Linesman : Unknown

Game Notes

No Game Note

Finance

Level 1 -- Attendance: 5766 (96.10%) -- Ticket Income $461,280
Level 2 -- Attendance: 5000 (100.00%) -- Ticket Income $265,000
Level 3 -- Attendance: 1913 (95.65%) -- Ticket Income $53,564
Level 4 -- Attendance: 4000 (100.00%) -- Ticket Income $68,000
Luxury Box -- Attendance: 1000 (100.00%) -- Ticket Income $176,000
Game was played at the TD Banknorth Garden.
Total Attendance: 17679 (98.22%)
Total Ticket Income: $1,023,844
Other Income: $501,684
Total Income: $1,525,528

Penguins

5 vs 5 Forward 
   Center                   Left Wing                Right Wing               Time % Phy DF OF 
 1 David Legwand            Chris Kelly              Vladimir Tarasenko       35     1   2  2  
 2 Nathan MacKinnon         Chris Stewart            Marcus Foligno           30     1   2  2  
 3 Mikael Granlund          Nail Yakupov             Jimmy Hayes              22     1   2  2  
 4 Linden Vey               Curtis McKenzie          David Legwand            13     1   2  2  

5 vs 5 Defense 
   Defense                  Defense                                           Time % Phy DF OF 
 1 Christian Ehrhoff        Jon Merrill                                       35     1   2  2  
 2 Chris Butler             Luke Witkowski                                    30     1   2  2  
 3 Adam Clendening          Xavier Ouellet                                    22     1   2  2  
 4 Jeff Schultz             Christian Ehrhoff                                 13     1   2  2  

PowerPlay Forward 
   Center                   Left Wing                Right Wing               Time % Phy DF OF 
 1 David Legwand            Chris Kelly              Vladimir Tarasenko       60     1   2  2  
 2 Nathan MacKinnon         Chris Stewart            Marcus Foligno           40     1   2  2  

PowerPlay Defense
   Defense                  Defense                                           Time % Phy DF OF 
 1 Christian Ehrhoff        Jon Merrill                                       60     1   2  2  
 2 Chris Butler             Luke Witkowski                                    40     1   2  2  

Penalty Kill 4 Players Forward 
   Center                   Wing                     Time % Phy DF OF 
 1 David Legwand            Vladimir Tarasenko       60     1   2  2  
 2 Nathan MacKinnon         Mikael Granlund          40     1   2  2  

Penalty Kill 4 Players Defense
   Defense                  Defense                  Time % Phy DF OF 
 1 Christian Ehrhoff        Jon Merrill              60     1   2  2  
 2 Chris Butler             Luke Witkowski           40     1   2  2  

Penalty Kill - 3 Players Forward 
   Forward                                           Time % Phy DF OF 
 1 David Legwand                                     60     1   2  2  
 2 Vladimir Tarasenko                                40     1   2  2  

Penalty Kill - 3 Players Defense
   Defense                  Defense                  Time % Phy DF OF 
 1 Christian Ehrhoff        Jon Merrill              60     1   2  2  
 2 Chris Butler             Luke Witkowski           40     1   2  2  

4 vs 4 Forward 
   Center                   Wing                     Time % Phy DF OF 
 1 David Legwand            Vladimir Tarasenko       60     1   2  2  
 2 Nathan MacKinnon         Mikael Granlund          40     1   2  2  

4 vs 4 Defense
   Defense                  Defense                  Time % Phy DF OF 
 1 Christian Ehrhoff        Jon Merrill              60     1   2  2  
 2 Chris Butler             Luke Witkowski           40     1   2  2  

Last Minutes Offensive
   Center                   Left Wing                Right Wing               Defense                  Defense                  
   David Legwand            Chris Kelly              Vladimir Tarasenko       Christian Ehrhoff        Jon Merrill              

Last Minutes Defensive
   Center                   Left Wing                Right Wing               Defense                  Defense                  
   David Legwand            Chris Kelly              Vladimir Tarasenko       Christian Ehrhoff        Jon Merrill              

Goaltenders
Starting : Dan Ellis                
Backup : Alex Stalock             

Extra Forwards
Normal : Jimmy Hayes, Nail Yakupov, Linden Vey - PP : Jimmy Hayes, Nail Yakupov - PK : Linden Vey
Extra Defensemen
Normal : Adam Clendening, Xavier Ouellet, Jeff Schultz - PP : Adam Clendening - PK : Xavier Ouellet, Jeff Schultz
Penalty Shots
David Legwand, Vladimir Tarasenko, Nathan MacKinnon, Mikael Granlund, Chris Kelly

Bruins

5 vs 5 Forward 
   Center                   Left Wing                Right Wing               Time % Phy DF OF 
 1 Claude Giroux            T.J. Oshie               Joe Pavelski             38     1   2  2  
 2 Anze Kopitar             Matt Duchene             Marian Hossa             30     1   2  2  
 3 Zemgus Girgensons        Tommy Wingels            Matt Hendricks           22     1   2  2  
 4 Anton Lander             Tommy Wingels            Tom Wilson               10     1   2  2  

5 vs 5 Defense 
   Defense                  Defense                                           Time % Phy DF OF 
 1 Shea Weber               Brent Seabrook                                    38     1   2  2  
 2 Jeff Petry               Brenden Dillon                                    30     1   2  2  
 3 Jonas Brodin             Nick Holden                                       22     1   2  2  
 4 Nate Guenin              Jonas Brodin                                      10     1   2  2  

PowerPlay Forward 
   Center                   Left Wing                Right Wing               Time % Phy DF OF 
 1 Claude Giroux            T.J. Oshie               Joe Pavelski             60     1   0  4  
 2 Anze Kopitar             Matt Duchene             Marian Hossa             40     1   0  4  

PowerPlay Defense
   Defense                  Defense                                           Time % Phy DF OF 
 1 Shea Weber               Matt Duchene                                      60     1   1  3  
 2 Shea Weber               Brent Seabrook                                    40     1   1  3  

Penalty Kill 4 Players Forward 
   Center                   Wing                     Time % Phy DF OF 
 1 Zemgus Girgensons        Matt Hendricks           60     1   3  1  
 2 Anton Lander             Tommy Wingels            40     1   3  1  

Penalty Kill 4 Players Defense
   Defense                  Defense                  Time % Phy DF OF 
 1 Jonas Brodin             Brent Seabrook           60     1   4  0  
 2 Jeff Petry               Brenden Dillon           40     1   4  0  

Penalty Kill - 3 Players Forward 
   Forward                                           Time % Phy DF OF 
 1 Matt Hendricks                                    60     1   4  0  
 2 Anton Lander                                      40     1   4  0  

Penalty Kill - 3 Players Defense
   Defense                  Defense                  Time % Phy DF OF 
 1 Jonas Brodin             Brent Seabrook           60     1   4  0  
 2 Jeff Petry               Brenden Dillon           40     1   4  0  

4 vs 4 Forward 
   Center                   Wing                     Time % Phy DF OF 
 1 Claude Giroux            Joe Pavelski             60     1   2  2  
 2 Anze Kopitar             Marian Hossa             40     1   2  2  

4 vs 4 Defense
   Defense                  Defense                  Time % Phy DF OF 
 1 Shea Weber               Brent Seabrook           60     1   2  2  
 2 Jeff Petry               Brenden Dillon           40     1   2  2  

Last Minutes Offensive
   Center                   Left Wing                Right Wing               Defense                  Defense                  
   Claude Giroux            T.J. Oshie               Joe Pavelski             Shea Weber               Brent Seabrook           

Last Minutes Defensive
   Center                   Left Wing                Right Wing               Defense                  Defense                  
   Anze Kopitar             Joe Pavelski             Marian Hossa             Shea Weber               Brent Seabrook           

Goaltenders
Starting : Cam Talbot               
Backup : Semyon Varlamov          

Extra Forwards
Normal : Matt Duchene, Anton Lander, Matt Hendricks - PP : Matt Duchene, Anton Lander - PK : Matt Hendricks
Extra Defensemen
Normal : Jonas Brodin, Nick Holden, Nate Guenin - PP : Jonas Brodin - PK : Nick Holden, Nate Guenin
Penalty Shots
T.J. Oshie, Matt Duchene, Matt Hendricks, Joe Pavelski, Anze Kopitar

% Time on Ice - Penguins

Lines # - Real PCT - Wanted PCT - Time Play
Normal Forward
1 - 23% - 35% - 10:06
2 - 30% - 30% - 12:49
3 - 28% - 22% - 12:03
4 - 19% - 13% - 8:23
Normal Defense
1 - 27% - 35% - 11:30
2 - 33% - 30% - 14:08
3 - 29% - 22% - 12:24
4 - 12% - 13% - 5:19
PP Forward
1 - 51% - 60% - 4:27
2 - 49% - 40% - 4:16
PP Defense
1 - 58% - 60% - 5:04
2 - 42% - 40% - 3:39
PK Forward
1 - 74% - 60% - 5:51
2 - 26% - 40% - 2:05
PK Defense
1 - 60% - 60% - 4:44
2 - 40% - 40% - 3:12
PK3 Forward
1 - 0% - 60%
2 - 0% - 40%
PK3 Defense
1 - 0% - 60%
2 - 0% - 40%
44 Forward
1 - 82% - 60% - 4:05
2 - 18% - 40% - 0:55
44 Defense
1 - 45% - 60% - 2:14
2 - 55% - 40% - 2:46
Last Minute Offensive  - 0:00
Last Minute Defensive  - 0:00
Total
Forward - 65:00
Defense - 65:00

% Time on Ice - Bruins

Lines # - Real PCT - Wanted PCT - Time Play
Normal Forward
1 - 32% - 38% - 13:46
2 - 27% - 30% - 11:54
3 - 24% - 22% - 10:31
4 - 17% - 10% - 7:10
Normal Defense
1 - 27% - 38% - 11:49
2 - 36% - 30% - 15:25
3 - 23% - 22% - 10:06
4 - 14% - 10% - 6:01
PP Forward
1 - 55% - 60% - 4:21
2 - 45% - 40% - 3:35
PP Defense
1 - 64% - 60% - 5:03
2 - 36% - 40% - 2:53
PK Forward
1 - 91% - 60% - 7:55
2 - 9% - 40% - 0:48
PK Defense
1 - 51% - 60% - 4:27
2 - 49% - 40% - 4:16
PK3 Forward
1 - 100% - 60% - 1:13
2 - 0% - 40% - 0:00
PK3 Defense
1 - 90% - 60% - 1:06
2 - 10% - 40% - 0:07
44 Forward
1 - 88% - 60% - 3:20
2 - 12% - 40% - 0:27
44 Defense
1 - 45% - 60% - 1:42
2 - 55% - 40% - 2:05
Last Minute Offensive  - 0:00
Last Minute Defensive  - 0:00
Total
Forward - 65:00
Defense - 65:00

Play by Play

1st period


0:01 of 1st period - Joe Pavelski wins face-off versus David Legwand in neutral zone.
0:14 of 1st period - Wrist shot by Claude Giroux.
0:14 of 1st period - Stopped by Dan Ellis with a rebound.
0:58 of 1st period - Jon Merrill is hit by Marian Hossa and loses puck.
1:41 of 1st period - Wrist shot by Mikael Granlund.
1:41 of 1st period - Shot Misses the Net.
1:51 of 1st period - Tommy Wingels is hit by Nail Yakupov and loses puck.
2:20 of 1st period - Snap shot by Tommy Wingels.
2:20 of 1st period - Shot Blocked by Jimmy Hayes.
2:22 of 1st period - Slapshot by Jonas Brodin.
2:22 of 1st period - Shot Blocked by Luke Witkowski.
2:32 of 1st period - Wrist shot by Tom Wilson.
2:32 of 1st period - Deflect By Anton Lander.
2:32 of 1st period - Shot Blocked by Chris Butler.
2:32 of 1st period - Puck is out of play.
2:33 of 1st period - Linden Vey wins face-off versus Claude Giroux in Penguins zone.
3:29 of 1st period - Snap shot by Nathan MacKinnon.
3:29 of 1st period - Shot Misses the Net.
3:31 of 1st period - Snap shot by Chris Stewart.
3:31 of 1st period - Stopped by Cam Talbot with a rebound.
4:43 of 1st period - Wrist shot by Shea Weber.
4:43 of 1st period - Stopped by Dan Ellis with a rebound.
5:01 of 1st period - Brent Seabrook is hit by Chris Stewart and loses puck.
5:38 of 1st period - Wrist shot by Anton Lander.
5:38 of 1st period - Stopped by Dan Ellis without a rebound.
5:39 of 1st period - Mikael Granlund wins face-off versus Matt Hendricks in Penguins zone.
5:46 of 1st period - Snap shot by Nail Yakupov.
5:46 of 1st period - Stopped by Cam Talbot with a rebound.
5:48 of 1st period - Snap shot by Chris Butler.
5:48 of 1st period - Shot Misses the Net.
5:50 of 1st period - Snap shot by Jimmy Hayes.
5:50 of 1st period - Shot Misses the Net.
5:52 of 1st period - Snap shot by Nail Yakupov.
5:52 of 1st period - Stopped by Cam Talbot with a rebound.
5:54 of 1st period - Slapshot by Jimmy Hayes.
5:54 of 1st period - Shot Misses the Net.
5:56 of 1st period - Slapshot by Luke Witkowski.
5:56 of 1st period - Shot Blocked by Jonas Brodin.
5:58 of 1st period - Snap shot by Luke Witkowski.
5:58 of 1st period - Stopped by Cam Talbot without a rebound.
5:59 of 1st period - Mikael Granlund wins face-off versus Zemgus Girgensons in Bruins zone.
6:36 of 1st period - Minor Penalty to Chris Stewart for Slashing.
6:37 of 1st period - Claude Giroux wins face-off versus David Legwand in Penguins zone.
6:40 of 1st period - Snap shot by T.J. Oshie.
6:40 of 1st period - Shot Misses the Net.
6:54 of 1st period - Snap shot by Claude Giroux.
6:54 of 1st period - Stopped by Dan Ellis with a rebound.
8:36 of 1st period - Penalty to Chris Stewart is over, Chris Stewart is back on ice.
9:40 of 1st period - Jimmy Hayes is hit by Anton Lander and loses puck.
10:33 of 1st period - Wrist shot by Zemgus Girgensons.
10:33 of 1st period - Stopped by Dan Ellis with a rebound.
11:25 of 1st period - Vladimir Tarasenko is hit by Nate Guenin and loses puck.
11:39 of 1st period - Marian Hossa is hit by Jimmy Hayes and loses puck.
11:56 of 1st period - Slapshot by Christian Ehrhoff.
11:56 of 1st period - Shot Misses the Net.
11:58 of 1st period - Slapshot by Christian Ehrhoff.
11:58 of 1st period - Stopped by Cam Talbot without a rebound.
11:59 of 1st period - Linden Vey wins face-off versus Zemgus Girgensons in Bruins zone.
13:25 of 1st period - Joe Pavelski is hit by Nail Yakupov and loses puck.
14:00 of 1st period - Snap shot by Marian Hossa.
14:00 of 1st period - Stopped by Dan Ellis without a rebound.
14:01 of 1st period - Linden Vey wins face-off versus Anze Kopitar in Penguins zone.
14:38 of 1st period - Slapshot by Mikael Granlund.
14:38 of 1st period - Deflect By Jimmy Hayes.
14:38 of 1st period - Shot Misses the Net.
14:38 of 1st period - Puck is out of play.
14:39 of 1st period - Zemgus Girgensons wins face-off versus Mikael Granlund in Bruins zone.
14:52 of 1st period - Snap shot by Nathan MacKinnon.
14:52 of 1st period - Shot Misses the Net.
14:54 of 1st period - Snap shot by Marcus Foligno.
14:54 of 1st period - Shot Misses the Net.
14:56 of 1st period - Slapshot by Jon Merrill.
14:56 of 1st period - Shot Blocked by T.J. Oshie.
14:58 of 1st period - Slapshot by Christian Ehrhoff.
14:58 of 1st period - Deflect By Nathan MacKinnon.
14:58 of 1st period - Stopped by Cam Talbot with a rebound.
15:00 of 1st period - Slapshot by Jon Merrill.
15:00 of 1st period - Stopped by Cam Talbot with a rebound.
15:02 of 1st period - Slapshot by Marcus Foligno.
15:02 of 1st period - Deflect By Chris Stewart.
15:02 of 1st period - Shot Misses the Net.
15:02 of 1st period - Puck is out of play.
15:03 of 1st period - Claude Giroux wins face-off versus Nathan MacKinnon in Bruins zone.
15:35 of 1st period - Chris Butler is hit by Jeff Petry and loses puck.
15:46 of 1st period - Chris Kelly is hit by Marian Hossa and loses puck.
18:40 of 1st period - Joe Pavelski is hit by Jimmy Hayes and loses puck.
19:13 of 1st period - Slapshot by Shea Weber.
19:13 of 1st period - Shot Misses the Net.
19:33 of 1st period - Wrist shot by Tom Wilson.
19:33 of 1st period - Stopped by Dan Ellis with a rebound.
19:41 of 1st period - Jonas Brodin is hit by Vladimir Tarasenko and loses puck.
19:56 of 1st period - Anton Lander is hit by Chris Butler.
Goals for this period are 0 for Penguins vs 0 for Bruins.
Shots for this period are 7 for Penguins vs 7 for Bruins.

2nd period


0:01 of 2nd period - David Legwand wins face-off versus Claude Giroux in neutral zone.
1:42 of 2nd period - Minor Penalty to Mikael Granlund for Holding.
1:43 of 2nd period - Claude Giroux wins face-off versus David Legwand in Penguins zone.
1:53 of 2nd period - Snap shot by Claude Giroux.
1:53 of 2nd period - Stopped by Dan Ellis without a rebound.
1:54 of 2nd period - Claude Giroux wins face-off versus David Legwand in Penguins zone.
2:40 of 2nd period - David Legwand is hit by Anze Kopitar.
2:59 of 2nd period - Jon Merrill is hit by Anze Kopitar and loses puck.
3:18 of 2nd period - Jon Merrill is hit by Shea Weber and loses puck.
3:29 of 2nd period - Claude Giroux is hit by Linden Vey and loses puck.
3:42 of 2nd period - Penalty to Mikael Granlund is over, Mikael Granlund is back on ice.
6:05 of 2nd period - Off-side.
6:06 of 2nd period - Anton Lander wins face-off versus Vladimir Tarasenko in neutral zone.
6:43 of 2nd period - David Legwand is hit by Anze Kopitar and loses puck.
8:08 of 2nd period - Slapshot by Claude Giroux.
8:08 of 2nd period - Shot Misses the Net.
8:24 of 2nd period - Marian Hossa is hit by Vladimir Tarasenko and loses puck.
8:48 of 2nd period - Backhand shot by Anton Lander.
8:48 of 2nd period - Shot Misses the Net.
8:50 of 2nd period - Slapshot by Anton Lander.
8:50 of 2nd period - Stopped by Dan Ellis without a rebound.
8:51 of 2nd period - Anton Lander wins face-off versus Mikael Granlund in Penguins zone.
8:52 of 2nd period - Wrist shot by T.J. Oshie.
8:52 of 2nd period - Shot Misses the Net.
8:54 of 2nd period - Slapshot by Jonas Brodin.
8:54 of 2nd period - Stopped by Dan Ellis with a rebound.
8:56 of 2nd period - Slapshot by Jonas Brodin.
8:56 of 2nd period - Stopped by Dan Ellis with a rebound.
8:58 of 2nd period - Snap shot by T.J. Oshie.
8:58 of 2nd period - Goal by T.J. Oshie - Penguins : 0 - Bruins : 1.
8:59 of 2nd period - Anze Kopitar wins face-off versus Linden Vey in neutral zone.
9:04 of 2nd period - Curtis McKenzie is hit by Nick Holden and loses puck.
9:28 of 2nd period - Jonas Brodin is hit by Luke Witkowski and loses puck.
9:40 of 2nd period - Minor Penalty to Joe Pavelski for Hooking.
9:41 of 2nd period - Nathan MacKinnon wins face-off versus Zemgus Girgensons in Bruins zone.
10:31 of 2nd period - Snap shot by Vladimir Tarasenko.
10:31 of 2nd period - Stopped by Cam Talbot with a rebound.
10:53 of 2nd period - Backhand shot by Nathan MacKinnon.
10:53 of 2nd period - Deflect By Chris Stewart.
10:53 of 2nd period - Shot Blocked by Brent Seabrook.
10:53 of 2nd period - Puck is out of play.
10:54 of 2nd period - Nathan MacKinnon wins face-off versus Zemgus Girgensons in Bruins zone.
10:55 of 2nd period - Snap shot by Chris Stewart.
10:55 of 2nd period - Stopped by Cam Talbot with a rebound.
11:11 of 2nd period - Anton Lander is hit by Christian Ehrhoff and loses puck.
11:40 of 2nd period - Penalty to Joe Pavelski is over, Joe Pavelski is back on ice.
11:51 of 2nd period - Chris Kelly is hit by Brenden Dillon and loses puck.
12:04 of 2nd period - Wrist shot by Nail Yakupov.
12:04 of 2nd period - Stopped by Cam Talbot with a rebound.
12:06 of 2nd period - Snap shot by Nail Yakupov.
12:06 of 2nd period - Shot Blocked by Brenden Dillon.
12:08 of 2nd period - Slapshot by Adam Clendening.
12:08 of 2nd period - Shot Misses the Net.
12:16 of 2nd period - Slapshot by Mikael Granlund.
12:16 of 2nd period - Shot Misses the Net.
12:18 of 2nd period - Snap shot by Mikael Granlund.
12:18 of 2nd period - Goal by Mikael Granlund - Penguins : 1 - Bruins : 1.
12:19 of 2nd period - Claude Giroux wins face-off versus Mikael Granlund in neutral zone.
12:31 of 2nd period - Icing by Shea Weber.
12:32 of 2nd period - Claude Giroux wins face-off versus Mikael Granlund in Bruins zone.
13:00 of 2nd period - Wrist shot by Claude Giroux.
13:00 of 2nd period - Stopped by Dan Ellis without a rebound.
13:01 of 2nd period - Nathan MacKinnon wins face-off versus Anze Kopitar in Penguins zone.
13:09 of 2nd period - Double Minor Penalty to Nick Holden for Roughing.
13:10 of 2nd period - Nathan MacKinnon wins face-off versus Zemgus Girgensons in Bruins zone.
13:30 of 2nd period - Slapshot by Jonas Brodin.
13:30 of 2nd period - Shot Blocked by Jon Merrill.
13:42 of 2nd period - Wrist shot by Chris Stewart.
13:42 of 2nd period - Shot Blocked by Brent Seabrook.
13:44 of 2nd period - Wrist shot by Nathan MacKinnon.
13:44 of 2nd period - Shot Blocked by Jonas Brodin.
15:08 of 2nd period - Brenden Dillon is hit by Vladimir Tarasenko and loses puck.
15:45 of 2nd period - Jeff Petry is hit by Vladimir Tarasenko and loses puck.
15:56 of 2nd period - Christian Ehrhoff is hit by Brenden Dillon and loses puck.
16:27 of 2nd period - T.J. Oshie is hit by Luke Witkowski and loses puck.
17:09 of 2nd period - Penalty to Nick Holden is over, Nick Holden is back on ice.
17:40 of 2nd period - Snap shot by Joe Pavelski.
17:40 of 2nd period - Shot Misses the Net.
18:04 of 2nd period - Wrist shot by Nathan MacKinnon.
18:04 of 2nd period - Stopped by Cam Talbot without a rebound.
18:05 of 2nd period - Linden Vey wins face-off versus Anton Lander in Bruins zone.
19:24 of 2nd period - Wrist shot by Vladimir Tarasenko.
19:24 of 2nd period - Shot Misses the Net.
19:48 of 2nd period - Snap shot by Chris Stewart.
19:48 of 2nd period - Shot Misses the Net.
19:54 of 2nd period - Slapshot by Marcus Foligno.
19:54 of 2nd period - Shot Misses the Net.
Goals for this period are 1 for Penguins vs 1 for Bruins.
Shots for this period are 5 for Penguins vs 6 for Bruins.

3rd period


0:01 of 3rd period - Claude Giroux wins face-off versus David Legwand in neutral zone.
0:14 of 3rd period - Snap shot by Claude Giroux.
0:14 of 3rd period - Shot Misses the Net.
0:16 of 3rd period - Minor Penalty to Christian Ehrhoff for Hooking.
0:17 of 3rd period - Claude Giroux wins face-off versus David Legwand in Penguins zone.
0:36 of 3rd period - Slapshot by Claude Giroux.
0:36 of 3rd period - Stopped by Dan Ellis with a rebound.
1:22 of 3rd period - Slapshot by Anze Kopitar.
1:22 of 3rd period - Shot Misses the Net.
1:24 of 3rd period - Snap shot by Brent Seabrook.
1:24 of 3rd period - Shot Blocked by David Legwand.
1:26 of 3rd period - Slapshot by Brent Seabrook.
1:26 of 3rd period - Stopped by Dan Ellis with a rebound.
1:52 of 3rd period - Luke Witkowski is hit by T.J. Oshie and loses puck.
2:16 of 3rd period - Penalty to Christian Ehrhoff is over, Christian Ehrhoff is back on ice.
2:50 of 3rd period - Wrist shot by Nathan MacKinnon.
2:50 of 3rd period - Stopped by Cam Talbot with a rebound.
3:12 of 3rd period - Matt Hendricks is hit by Christian Ehrhoff and loses puck.
3:33 of 3rd period - Snap shot by Nick Holden.
3:33 of 3rd period - Stopped by Dan Ellis with a rebound.
3:59 of 3rd period - Jeff Petry is hit by Marcus Foligno.
4:20 of 3rd period - Snap shot by Claude Giroux.
4:20 of 3rd period - Shot Blocked by Xavier Ouellet.
4:44 of 3rd period - Jeff Petry is hit by David Legwand and loses puck.
5:07 of 3rd period - Matt Hendricks is hit by Jimmy Hayes and loses puck.
5:22 of 3rd period - Zemgus Girgensons is hit by Marcus Foligno and loses puck.
6:13 of 3rd period - T.J. Oshie is hit by Chris Butler and loses puck.
7:10 of 3rd period - Claude Giroux is hit by Marcus Foligno and loses puck.
9:29 of 3rd period - Jonas Brodin is hit by Curtis McKenzie and loses puck.
9:40 of 3rd period - Snap shot by Anze Kopitar.
9:40 of 3rd period - Stopped by Dan Ellis with a rebound.
9:42 of 3rd period - Slapshot by Jonas Brodin.
9:42 of 3rd period - Deflect By Xavier Ouellet.
9:42 of 3rd period - Stopped by Dan Ellis without a rebound.
9:43 of 3rd period - Anze Kopitar wins face-off versus Mikael Granlund in Penguins zone.
10:14 of 3rd period - Joe Pavelski is hit by Christian Ehrhoff and loses puck.
10:21 of 3rd period - Snap shot by Chris Kelly.
10:21 of 3rd period - Stopped by Cam Talbot with a rebound.
10:23 of 3rd period - Slapshot by Chris Kelly.
10:23 of 3rd period - Shot Misses the Net.
11:33 of 3rd period - David Legwand is hit by Zemgus Girgensons and loses puck.
11:46 of 3rd period - Matt Hendricks is hit by Adam Clendening and loses puck.
12:11 of 3rd period - Nate Guenin is hit by Nail Yakupov and loses puck.
12:40 of 3rd period - Minor Penalty to Brenden Dillon for Hooking.
12:41 of 3rd period - Matt Hendricks wins face-off versus Nail Yakupov in Bruins zone.
13:16 of 3rd period - Zemgus Girgensons is hit by Christian Ehrhoff and loses puck.
13:33 of 3rd period - Wrist shot by David Legwand.
13:33 of 3rd period - Stopped by Cam Talbot with a rebound.
13:35 of 3rd period - Slapshot by Chris Kelly.
13:35 of 3rd period - Shot Misses the Net.
13:37 of 3rd period - Wrist shot by David Legwand.
13:37 of 3rd period - Shot Blocked by Jeff Petry.
13:39 of 3rd period - Slapshot by David Legwand.
13:39 of 3rd period - Shot Misses the Net.
13:41 of 3rd period - Snap shot by David Legwand.
13:41 of 3rd period - Shot Blocked by Nick Holden.
13:43 of 3rd period - Wrist shot by Jon Merrill.
13:43 of 3rd period - Deflect By David Legwand.
13:43 of 3rd period - Stopped by Cam Talbot without a rebound.
13:44 of 3rd period - David Legwand wins face-off versus Zemgus Girgensons in Bruins zone.
13:45 of 3rd period - Snap shot by Vladimir Tarasenko.
13:45 of 3rd period - Stopped by Cam Talbot without a rebound.
13:46 of 3rd period - David Legwand wins face-off versus Zemgus Girgensons in Bruins zone.
14:40 of 3rd period - Penalty to Brenden Dillon is over, Brenden Dillon is back on ice.
14:47 of 3rd period - Luke Witkowski is hit by T.J. Oshie and loses puck.
14:52 of 3rd period - Snap shot by Claude Giroux.
14:52 of 3rd period - Shot Misses the Net.
14:54 of 3rd period - Slapshot by Shea Weber.
14:54 of 3rd period - Stopped by Dan Ellis without a rebound.
14:55 of 3rd period - Claude Giroux wins face-off versus Mikael Granlund in Penguins zone.
15:10 of 3rd period - Slapshot by Joe Pavelski.
15:10 of 3rd period - Deflect By Mikael Granlund.
15:10 of 3rd period - Shot Misses the Net.
15:10 of 3rd period - Puck is out of play.
15:11 of 3rd period - Mikael Granlund wins face-off versus Claude Giroux in Penguins zone.
15:27 of 3rd period - Snap shot by Jimmy Hayes.
15:27 of 3rd period - Stopped by Cam Talbot without a rebound.
15:28 of 3rd period - Claude Giroux wins face-off versus Mikael Granlund in Bruins zone.
15:56 of 3rd period - Minor Penalty to Curtis McKenzie for Holding.
15:57 of 3rd period - David Legwand wins face-off versus Anze Kopitar in Penguins zone.
16:12 of 3rd period - Slapshot by Anze Kopitar.
16:12 of 3rd period - Shot Blocked by Chris Butler.
16:14 of 3rd period - Snap shot by Anze Kopitar.
16:14 of 3rd period - Shot Blocked by Luke Witkowski.
16:16 of 3rd period - Snap shot by Anton Lander.
16:16 of 3rd period - Stopped by Dan Ellis with a rebound.
17:24 of 3rd period - Icing by Marian Hossa.
17:25 of 3rd period - Anze Kopitar wins face-off versus Nathan MacKinnon in Bruins zone.
17:32 of 3rd period - Jon Merrill is hit by Matt Duchene and loses puck.
17:49 of 3rd period - T.J. Oshie is hit by Nathan MacKinnon and loses puck.
17:56 of 3rd period - Penalty to Curtis McKenzie is over, Curtis McKenzie is back on ice.
17:56 of 3rd period - Snap shot by Shea Weber.
17:56 of 3rd period - Shot Misses the Net.
17:58 of 3rd period - Snap shot by Shea Weber.
17:58 of 3rd period - Shot Blocked by Jon Merrill.
19:03 of 3rd period - Wrist shot by David Legwand.
19:03 of 3rd period - Stopped by Cam Talbot with a rebound.
19:05 of 3rd period - Backhand shot by Xavier Ouellet.
19:05 of 3rd period - Shot Misses the Net.
19:07 of 3rd period - Wrist shot by Adam Clendening.
19:07 of 3rd period - Shot Misses the Net.
19:13 of 3rd period - Minor Penalty to Tom Wilson for High sticking.
19:14 of 3rd period - Zemgus Girgensons wins face-off versus Nathan MacKinnon in Bruins zone.
Goals for this period are 0 for Penguins vs 0 for Bruins.
Shots for this period are 7 for Penguins vs 7 for Bruins.

Overtime #1


0:01 of 1st overtime period - David Legwand wins face-off versus Matt Hendricks in neutral zone.
0:08 of 1st overtime period - Snap shot by David Legwand.
0:08 of 1st overtime period - Stopped by Cam Talbot with a rebound.
0:18 of 1st overtime period - Backhand shot by Brent Seabrook.
0:18 of 1st overtime period - Shot Misses the Net.
0:20 of 1st overtime period - Wrist shot by Matt Hendricks.
0:20 of 1st overtime period - Stopped by Dan Ellis without a rebound.
0:21 of 1st overtime period - David Legwand wins face-off versus Matt Hendricks in Penguins zone.
1:04 of 1st overtime period - Brent Seabrook is hit by Jon Merrill and loses puck.
1:13 of 1st overtime period - Penalty to Tom Wilson is over, Tom Wilson is back on ice.
1:53 of 1st overtime period - Wrist shot by Nail Yakupov.
1:53 of 1st overtime period - Stopped by Cam Talbot with a rebound.
1:55 of 1st overtime period - Slapshot by Luke Witkowski.
1:55 of 1st overtime period - Deflect By Nail Yakupov.
1:55 of 1st overtime period - Stopped by Cam Talbot with a rebound.
1:57 of 1st overtime period - Snap shot by Chris Butler.
1:57 of 1st overtime period - Shot Misses the Net.
1:59 of 1st overtime period - Wrist shot by Jimmy Hayes.
1:59 of 1st overtime period - Shot Hit the Post.
2:01 of 1st overtime period - Slapshot by Chris Butler.
2:01 of 1st overtime period - Shot Blocked by Brenden Dillon.
2:03 of 1st overtime period - Backhand shot by Nail Yakupov.
2:03 of 1st overtime period - Shot Misses the Net.
2:05 of 1st overtime period - Snap shot by Nail Yakupov.
2:05 of 1st overtime period - Shot Blocked by Brenden Dillon.
2:32 of 1st overtime period - Claude Giroux is hit by Chris Kelly and loses puck.
3:08 of 1st overtime period - David Legwand is hit by Shea Weber and loses puck.
4:20 of 1st overtime period - Chris Butler is hit by Joe Pavelski and loses puck.
4:44 of 1st overtime period - Chris Butler is hit by Jeff Petry and loses puck.
4:53 of 1st overtime period - Wrist shot by Anze Kopitar.
4:53 of 1st overtime period - Stopped by Dan Ellis with a rebound.
4:57 of 1st overtime period - Wrist shot by Anze Kopitar.
4:57 of 1st overtime period - Shot Misses the Net.
Goals for this period are 0 for Penguins vs 0 for Bruins.
Shots for this period are 3 for Penguins vs 2 for Bruins.

ShootOut


5:00 of 1st overtime period - Penalty Shot by David Legwand for Penguins.
5:00 of 1st overtime period - Wrist shot by David Legwand.
5:00 of 1st overtime period - Stopped by Cam Talbot.
5:00 of 1st overtime period - Penalty Shot by T.J. Oshie for Bruins.
5:00 of 1st overtime period - Wrist shot by T.J. Oshie.
5:00 of 1st overtime period - Stopped by Dan Ellis.
5:00 of 1st overtime period - Penalty Shot by Vladimir Tarasenko for Penguins.
5:00 of 1st overtime period - Wrist shot by Vladimir Tarasenko.
5:00 of 1st overtime period - Stopped by Cam Talbot.
5:00 of 1st overtime period - Penalty Shot by Matt Duchene for Bruins.
5:00 of 1st overtime period - Snap shot by Matt Duchene.
5:00 of 1st overtime period - Shot Misses the Net.
5:00 of 1st overtime period - Penalty Shot by Nathan MacKinnon for Penguins.
5:00 of 1st overtime period - Deke by Nathan MacKinnon.
5:00 of 1st overtime period - Goal by Nathan MacKinnon.
5:00 of 1st overtime period - Penalty Shot by Matt Hendricks for Bruins.
5:00 of 1st overtime period - Deke by Matt Hendricks.
5:00 of 1st overtime period - Stopped by Dan Ellis.